Map: Ley Lines

Players

Serral - Winner!

  • Race: Zerg Zerg
  • Spawn Location: 7:00

Classic

  • Race: Protoss Protoss
  • Spawn Location: 1:00

Event: Esports World Cup 2025

VOD

https://www.youtube.com/watch?v=5BTtmzUxoXc

Description

Time

  • Played on: July 23, 2025, 2:02 p.m.
  • Length: 18:15

All games in this series

Show
View Real Time Build Order
Export as new Build Order

Serral Zerg - Winner!

Build Orders: Hatch First, Lurkers, Roach Hydra 

Get SALT Encoding   

  12  0:00  Drone  
  13  0:07  Drone  
  14  0:14  Drone, Extractor  
  15  0:21  Overlord  
  15  0:42  Drone  
  16  0:45  Hatchery  
  16  0:48  Drone  
  16  0:52  Drone  
  16  0:55  Drone  
  18  1:06  Extractor  
  17  1:11  Spawning Pool  
  17  1:13  Drone  
  17  1:17  Drone  
  18  1:27  Drone  
  19  1:38  Drone  
  20  1:48  Drone  
  21  1:58  Queen x2  
  21  1:59  Zergling x2  
  21  2:00  Overlord  
  26  2:09  Zergling x2  
  26  2:10  Drone  
  26  2:12  Metabolic Boost  
  28  2:18  Drone  
  28  2:21  Drone  
  30  2:30  Drone  
  30  2:34  Queen  
  33  2:43  Hatchery  
  32  2:47  Overlord  
  32  2:50  Drone  
  33  2:52  Drone  
  33  2:54  Drone  
  33  2:57  Drone  
  36  3:03  Overlord  
  36  3:07  Drone x3  
  39  3:14  Queen  
  39  3:16  Drone  
  39  3:18  Drone  
  43  3:23  Spore Crawler  
  43  3:26  Zergling x2  
  43  3:27  Drone x2  
  43  3:32  Queen  
  47  3:37  Drone  
  47  3:38  Drone  
  47  3:39  Drone  
  50  3:42  Overlord  
  50  3:44  Drone  
  50  3:47  Zergling x2  
  52  3:50  Drone, Spore Crawler  
  52  3:55  Evolution Chamber  
  52  3:56  Drone  
  52  3:57  Drone  
  52  3:58  Drone  
  52  4:01  Drone  
  55  4:05  Zergling x2  
  55  4:06  Drone x2  
  58  4:13  Drone x3  
  58  4:14  Drone, Spore Crawler  
  61  4:17  Overlord  
  61  4:20  Overlord  
  61  4:23  Drone  
  63  4:24  Drone  
  63  4:25  Drone  
  63  4:28  Zerg Melee Weapons Level 1  
  63  4:29  Drone  
  63  4:30  Drone  
  66  4:35  Drone  
  66  4:37  Drone, Roach Warren  
  67  4:39  Drone  
  67  4:40  Drone  
  67  4:42  Drone x2  
  67  4:44  Drone  
  67  4:45  Drone  
  73  4:46  Drone  
  73  4:47  Drone  
  73  4:51  Overlord, Extractor  
  74  4:53  Drone x2  
  76  5:00  Zergling x6  
  76  5:02  Spore Crawler  
  76  5:05  Zergling x2  
  76  5:06  Lair  
  79  5:12  Zergling x4  
  79  5:13  Hatchery  
  80  5:15  Queen  
  80  5:16  Extractor  
  80  5:19  Roach x2  
  85  5:26  Roach  
  85  5:27  Evolution Chamber  
  86  5:29  Evolution Chamber  
  86  5:32  Roach x2  
  90  5:39  Overlord  
  90  5:41  Overlord  
  89  5:42  Overlord  
  89  5:43  Drone  
  89  5:47  Drone  
  89  5:48  Drone  
  90  5:51  Overlord  
  90  5:53  Overlord  
  90  5:54  Overlord  
  90  6:02  Drone x3  
  90  6:03  Drone x2, Baneling Nest  
  94  6:04  Drone, Extractor x2  
  94  6:05  Overseer  
  94  6:08  Zerg Missile Weapons Level 1  
  94  6:10  Drone x2  
  94  6:13  Drone  
  94  6:18  Drone  
  96  6:20  Drone, Hydralisk Den  
  96  6:25  Drone x5  
  101  6:31  Overlord  
  101  6:33  Overlord  
  101  6:35  Drone x2  
  101  6:36  Drone  
  104  6:48  Zerg Melee Weapons Level 2  
  104  6:49  Evolution Chamber  
  104  6:50  Zergling x12  
  104  6:53  Spore Crawler  
  109  6:54  Drone x2  
  109  6:55  Drone x3  
  109  7:00  Centrifugal Hooks, Infestation Pit  
  109  7:01  Zergling x4, Extractor, Roach x3  
  121  7:08  Zergling x12  
  124  7:17  Drone  
  124  7:18  Drone x3  
  124  7:19  Hatchery  
  127  7:24  Zergling x12  
  127  7:26  Roach  
  127  7:27  Roach x3  
  141  7:32  Overlord  
  141  7:33  Roach  
  141  7:34  Glial Reconstitution, Roach  
  141  7:37  Zergling x10  
  146  7:41  Hive  
  142  7:46  Zergling x10  
  147  7:51  Muscular Augments  
  147  7:56  Extractor x2  
  147  7:57  Baneling  
  147  7:58  Ravager x2, Baneling x8  
  145  7:59  Ravager  
  145  8:02  Zergling x2  
  145  8:03  Zergling x16  
  157  8:09  Zerg Missile Weapons Level 2  
  156  8:16  Zergling x4  
  156  8:17  Zergling x20  
  166  8:23  Drone  
  166  8:24  Overlord x6  
  167  8:29  Baneling x7  
  163  8:38  Zergling x10  
  153  8:46  Hydralisk x2  
  153  8:47  Zergling x16  
  145  8:53  Zergling x14  
  145  8:55  Grooved Spines  
  143  8:57  Lurker Den  
  143  8:59  Drone x3  
  143  9:01  Drone  
  146  9:04  Drone  
  146  9:07  Drone x2  
  146  9:08  Pneumatized Carapace  
  149  9:13  Baneling  
  149  9:14  Baneling x8  
  149  9:17  Drone x4  
  152  9:18  Spine Crawler  
  152  9:19  Drone x6  
  152  9:21  Extractor  
  152  9:22  Hydralisk  
  152  9:23  Hydralisk  
  161  9:27  Extractor  
  161  9:29  Hydralisk x3  
  165  9:35  Hydralisk x3  
  167  9:46  Spine Crawler  
  167  9:47  Hydralisk x5, Spine Crawler  
  167  9:51  Zerg Ground Armor Level 1  
  174  9:54  Lurker  
  174  9:55  Lurker x3  
  174  9:58  Seismic Spines  
  178  10:05  Lurker x2  
  180  10:07  Hydralisk  
  180  10:08  Zergling x14  
  186  10:15  Overlord  
  186  10:16  Lurker x2  
  186  10:19  Hatchery  
  186  10:21  Drone, Overlord  
  188  10:23  Adrenal Glands  
  188  10:28  Lurker, Spore Crawler  
  188  10:33  Overseer  
  188  10:42  Lurker x2  
  188  10:51  Hydralisk x2  
  188  10:52  Zergling x14  
  188  10:53  Overseer  
  188  10:55  Adaptive Talons  
  199  11:01  Spire  
  199  11:02  Overlord  
  198  11:06  Hydralisk, Spore Crawler  
  198  11:10  Zerg Melee Weapons Level 3  
  199  11:11  Overseer  
  199  11:12  Hatchery  
  198  11:31  Hydralisk x3  
  199  11:37  Hydralisk x4  
  188  11:47  Zerg Ground Armor Level 2  
  188  11:48  Drone x4  
  188  11:49  Zergling x2  
  188  11:50  Zergling x22  
  187  11:58  Zergling x30  
  187  12:00  Hydralisk x4  
  185  12:10  Lurker x4  
  185  12:11  Lurker x3  
  192  12:15  Greater Spire  
  192  12:17  Extractor  
  192  12:18  Drone x3  
  192  12:19  Extractor  
  192  12:20  Spore Crawler  
  192  12:24  Lurker x5  
  196  12:36  Lurker x3  
  199  12:37  Overseer  
  199  12:45  Drone  
  199  12:46  Drone x3  
  199  12:48  Drone x2  
  199  12:49  Burrow, Drone x2  
  194  12:51  Drone x2  
  194  12:52  Nydus Network  
  194  12:58  Hydralisk x3, Lurker  
  191  13:06  Corruptor x2, Viper  
  191  13:16  Spine Crawler x2  
  191  13:17  Corruptor x4, Spine Crawler  
  191  13:18  Spine Crawler  
  191  13:19  Spine Crawler  
  194  13:21  Overseer  
  194  13:25  Hatchery  
  190  13:28  Lurker x2  
  190  13:29  Lurker  
  190  13:32  Corruptor  
  191  13:34  Zerg Flyer Armor Level 1  
  191  13:35  Zergling x16  
  191  13:36  Zergling x2  
  191  13:37  Nydus Canal  
  199  13:44  Zergling x2  
  199  13:45  Zergling x8  
  194  13:57  Hydralisk  
  194  13:58  Hydralisk x4  
  188  14:08  Hydralisk x7  
  199  14:11  Overseer  
  188  14:18  Drone x4  
  188  14:19  Drone  
  188  14:20  Drone x3  
  196  14:27  Corruptor  
  198  14:34  Lurker x4  
  198  14:36  Overseer x3  
  196  14:48  Lurker x4  
  196  14:49  Nydus Canal  
  199  14:55  Lurker  
  199  14:57  Unknown  
  199  14:58  Drone x4  
  186  15:08  Corruptor  
  186  15:09  Corruptor x6  
  187  15:18  Corruptor x2  
  186  15:22  Overseer x2  
  186  15:23  Zergling x26  
  199  15:28  Zerg Flyer Weapons Level 1  
  199  15:29  Spore Crawler  
  199  15:35  Zergling x4  
  200  16:08  Hydralisk x5  
  200  16:09  Hydralisk, Zergling x6  
  194  16:19  Corruptor x3  
  198  16:28  Drone, Unknown  
  198  16:29  Drone  
  193  16:43  Spore Crawler  
  193  16:44  Spore Crawler x2  
  193  16:45  Spore Crawler  
  189  16:52  Lurker x6  
  195  16:58  Infestor x4  
  193  17:09  Hydralisk x3  
  195  17:24  Infestor x2  
Show
View Real Time Build Order
Export as new Build Order

Classic Protoss 

Build Orders: 1 Gate Expand, Oracle Opening, Mass Adepts 

Get SALT Encoding   

  12  0:00  Probe  
  13  0:12  Probe  
  14  0:18  Pylon  
  14  0:24  Probe  
  15  0:32  Probe  
  15  0:38  Gateway  
  15  0:40  Probe  
  16  0:47  Assimilator  
  17  0:51  Probe  
  18  1:03  Probe  
  19  1:15  Probe  
  20  1:23  Nexus  
  20  1:33  Cybernetics Core  
  20  1:36  Probe  
  21  1:43  Assimilator  
  21  1:48  Probe  
  21  1:51  Pylon  
  22  2:00  Probe, Adept  
  23  2:12  Probe  
  23  2:15  Stargate  
  26  2:24  Warp Gate, Probe  
  26  2:29  Adept  
  27  2:32  Probe  
  27  2:33  Probe  
  31  2:40  Probe  
  31  2:41  Probe  
  31  2:50  Oracle, Probe  
  31  2:51  Probe  
  38  3:02  Probe  
  38  3:03  Probe  
  40  3:09  Gateway  
  40  3:15  Probe x2  
  40  3:17  Gateway  
  42  3:20  Oracle  
  42  3:21  Pylon  
  42  3:27  Probe  
  46  3:39  Probe x2  
  48  3:48  Nexus  
  48  3:52  Pylon  
  48  3:54  Probe  
  49  3:55  Probe  
  49  4:01  Assimilator  
  50  4:10  Pylon  
  50  4:12  Adept x2  
  50  4:15  Adept  
  56  4:18  Probe x2  
  56  4:20  Assimilator  
  56  4:22  Pylon  
  58  4:31  Probe x2  
  60  4:35  Adept x3  
  66  4:41  Twilight Council  
  66  4:47  Forge  
  66  4:50  Probe x2  
  68  4:57  Adept x2  
  68  4:58  Adept  
  74  5:03  Probe  
  74  5:04  Probe x2  
  77  5:12  Probe x2  
  74  5:17  Blink, Stalker  
  74  5:18  Probe  
  74  5:19  Templar Archives  
  74  5:20  Probe x2  
  78  5:27  Probe  
  78  5:28  Protoss Ground Weapons Level 1  
  81  5:34  Gateway  
  82  5:38  Shield Battery  
  82  5:40  Probe x2  
  84  5:47  Psionic Storm  
  83  5:50  Gateway, Probe  
  83  5:51  Pylon  
  83  5:52  Gateway  
  83  6:01  High Templar  
  83  6:04  Stalker  
  87  6:05  Stalker  
  87  6:08  Probe x2  
  87  6:09  Probe  
  87  6:11  Pylon  
  92  6:15  Pylon  
  92  6:17  Robotics Facility  
  92  6:22  Probe x3  
  95  6:29  Assimilator, High Templar  
  95  6:31  Assimilator  
  97  6:32  Gateway  
  97  6:35  Gateway, Probe x3  
  100  6:41  High Templar  
  102  6:47  Probe x2  
  102  6:52  Pylon, High Templar  
  107  6:57  Photon Cannon  
  106  7:05  Pylon  
  106  7:06  Gateway  
  106  7:08  Gateway  
  106  7:10  Nexus  
  106  7:11  Warp Prism  
  106  7:13  Pylon  
  106  7:14  Stalker x3  
  110  7:27  High Templar x2  
  114  7:31  Stalker x3  
  114  7:37  Probe x3  
  114  7:41  Photon Cannon  
  105  7:47  Stalker x3  
  111  8:02  Stalker x6  
  123  8:07  Stalker  
  123  8:11  Shield Battery  
  125  8:13  Pylon  
  125  8:15  Zealot x3  
  131  8:27  Stalker x5  
  123  8:47  Probe  
  123  8:48  Probe x2  
  116  8:51  High Templar  
  116  8:52  Stalker x5, High Templar  
  114  8:57  Probe, Assimilator  
  114  8:58  Assimilator  
  114  9:00  Probe x3  
  114  9:02  Stalker  
  120  9:05  Shield Battery  
  120  9:06  Photon Cannon  
  120  9:07  Shield Battery  
  120  9:18  Photon Cannon  
  120  9:20  High Templar x2  
  120  9:21  Stalker x2  
  128  9:24  Charge  
  128  9:29  Archon  
  128  9:32  Photon Cannon  
  128  9:34  Pylon  
  128  9:35  Stalker x5  
  138  9:44  Protoss Ground Weapons Level 2  
  136  9:45  Observer  
  137  9:57  Nexus  
  137  10:00  Pylon  
  137  10:07  Stargate  
  137  10:13  Fleet Beacon  
  131  10:22  Zealot x7  
  131  10:23  Zealot x3  
  131  10:24  Stargate  
  151  10:29  Immortal  
  151  10:30  Photon Cannon  
  151  10:31  Photon Cannon  
  151  10:32  Shield Battery  
  155  10:44  Pylon  
  155  10:46  Tempest  
  155  10:47  Protoss Air Weapons Level 1  
  161  11:01  Photon Cannon, Tempest  
  161  11:02  High Templar x2  
  161  11:03  Observer, Photon Cannon  
  165  11:04  Photon Cannon  
  165  11:05  Shield Battery, Zealot x2  
  165  11:08  Tempest  
  174  11:23  Assimilator  
  174  11:24  Mothership  
  182  11:26  Assimilator  
  180  11:34  Zealot x4  
  180  11:35  Tempest  
  180  11:38  Tempest  
  184  11:53  Zealot x3  
  178  11:56  Assimilator  
  155  12:08  Probe  
  155  12:10  Probe  
  155  12:11  Tempest  
  161  12:17  Probe  
  161  12:18  Probe, Tempest  
  166  12:27  Probe  
  166  12:28  Probe  
  169  12:38  Photon Cannon  
  169  12:39  Probe, Photon Cannon  
  169  12:40  Probe  
  169  12:41  Photon Cannon, Zealot x6  
  169  12:42  Shield Battery  
  183  12:51  Probe  
  180  12:52  Probe  
  181  13:02  Zealot  
  181  13:05  Photon Cannon x2  
  182  13:08  Warp Prism  
  182  13:16  Nexus  
  182  13:17  Pylon  
  184  13:22  High Templar x2  
  184  13:26  Pylon  
  187  13:28  Pylon  
  187  13:30  Photon Cannon  
  187  13:31  High Templar  
  187  13:33  Photon Cannon  
  187  13:36  Photon Cannon  
  187  13:47  Observer  
  185  13:52  Zealot x6  
  185  14:09  Unknown  
  161  14:17  Tempest  
  161  14:24  Pylon  
  161  14:27  Pylon  
  161  14:28  Pylon  
  161  14:30  Pylon  
  154  14:32  Pylon  
  150  14:52  Twilight Council  
  148  14:54  Pylon  
  137  15:23  Nexus  
  137  15:24  Pylon  
  137  15:29  Templar Archives  
  137  15:32  Pylon  
  137  15:34  Pylon  
  137  15:46  Nexus  
  137  15:47  Pylon, Tempest x2  
  136  15:57  Pylon  
  133  16:04  Pylon  
  133  16:07  Pylon  
  133  16:09  Pylon  
  124  16:11  Pylon  
  110  16:38  Pylon  
  110  16:39  Pylon  
  110  16:40  Pylon  
  110  16:43  Pylon  
  110  16:45  Gateway  
  110  16:48  Gateway  
  110  16:52  Gateway  
  110  16:54  Gateway  
  110  16:56  Gateway  
  110  16:58  Gateway  
  110  17:00  Pylon  
  106  17:09  Pylon  
  106  17:22  Pylon  
  101  17:23  Pylon  
  101  17:24  Pylon  
  101  17:26  Forge  
  101  17:29  High Templar  
  98  17:30  High Templar x3  
  98  17:36  Archon  
Tags
 
Add a new tag
Caveats
  • Supply blocks, unpowered buildings, or Contaminate may cause inaccurate times.
  • Supply counts are checked every 10 seconds.